 Dungeon Crawl Stone Soup version 0.20.1-1-g8b1a95d (webtiles) character file.

133 Linguinho the Covered (level 4, 0/35 HPs)
             Began as a Demonspawn Fighter on Nov 9, 2017.
             Slain by Sigmund
             ... wielding a +2 scythe of protection
              (12 damage)
             ... on level 4 of the Dungeon.
             The game lasted 00:03:07 (2028 turns).

Linguinho the Covered (Demonspawn Fighter)          Turns: 2028, Time: 00:03:08

Health: 0/35       AC: 12    Str: 18    XL:     4   Next: 93%
Magic:  4/4        EV:  7    Int:  9    God:
Gold:   107        SH:  9    Dex: 12    Spells: 3/3 levels left

rFire    + . .     SeeInvis .   a - +0 war axe
rCold    + . .     Gourm    .   c - +0 shield
rNeg     . . .     Faith    .   b - +0 scale mail
rPois    .         Spirit   .   (no helmet)
rElec    .         Reflect  .   q - scarf {rC+ rF+}
rCorr    .         Harm     .   (no gloves)
MR       .....                  (no boots)
Stlth    ..........             (no amulet)
Regen    0.2/turn               (no ring)
MPRegen  0.1/turn               (no ring)

@: sanguine armour
A: talons 1, sanguine armour 1
a: no special abilities


You were on level 4 of the Dungeon.
You were not hungry.

You visited 1 branch of the dungeon, and saw 4 of its levels.

You collected 107 gold pieces.

Inventory:

Hand Weapons
 a - a +0 war axe (weapon)
Armour
 b - a +0 scale mail (worn)
 c - a +0 shield (worn)
 q - a scarf of resistance (worn)
Wands
 s - a wand of random effects (27/48)
Scrolls
 i - a scroll of immolation {unknown}
 k - 2 scrolls of enchant weapon {unknown}
 l - 4 scrolls of identify {unknown}
 m - 2 scrolls of magic mapping {unknown}
 n - 2 scrolls of remove curse {unknown}
 p - 3 scrolls of teleportation {unknown}
Potions
 d - 3 potions of might
 e - 2 potions of heal wounds
 j - a potion of agility {unknown}
 o - a potion of curing {unknown}
Comestibles
 f - 2 bread rations
 g - a royal jelly
 h - a fruit


   Skills:
 + Level 3.3 Fighting
 + Level 2.8 Axes
 + Level 3.4 Armour
 + Level 0.8 Dodging
 + Level 3.2 Shields
 * Level 1.2 Unarmed Combat


You had 3 spell levels left.
You didn't know any spells.

Dungeon Overview and Level Annotations

Branches:
Dungeon (4/15)
 Temple: D:4-7

Altars:
Fedhas

Annotations:
D:4 Sigmund


Innate Abilities, Weirdness & Mutations

You have sharp toenails.
When seriously injured, your bleeding wounds create armour. (AC +6)


Message History

You barely miss the orc. The orc barely misses you.
Sigmund gestures wildly while chanting.
Sigmund flickers and vanishes!
Deactivating autopickup; reactivate with Ctrl-A.
You hit the orc. You claw the orc.
The orc is heavily wounded.
You feel sick.
You are no longer poisoned.
The orc closely misses you. You block the orc's attack.
Your shield and scale mail prevent you from hitting the orc.
You claw the orc, but do no damage.
The orc is heavily wounded.
You block the orc's attack. Something hits you.
You hit the orc. You claw the orc, but do no damage.
The orc is almost dead.
You block the orc's attack. x2; Something hits you.
You hit the orc.
You kill the orc!
Something hits you!
You die...

####### ####.......
#.....# #..........
##.....# #.........
#......# ...<...#
#......# ......#
##......#####..@..#
#...........#o....#
#....######@#.....#
#....# #..){....#
#.#### #........#
#.# #......### #.#
#......# #.#
####...# #.####
#...# #..>.# #...#
####.# #####


There were no monsters in sight!

Vanquished Creatures
  5 adders
  5 worms
  2 dart slugs
  A leopard gecko (D:1)
  5 orcs
  2 ball pythons
  14 bats
  5 giant cockroaches
  3 goblins
  7 hobgoblins
  A quokka (D:2)
  9 kobolds
  5 rats
64 creatures vanquished.

Notes
Turn   | Place    | Note
-------+----------+-------------------------------------------
     0 | D:1      | Linguinho the Demonspawn Fighter began the quest for the Orb.
     0 | D:1      | Reached XP level 1. HP: 18/18 MP: 1/1
   182 | D:1      | Gained mutation: You have sharp toenails. [demonic ancestry]
   182 | D:1      | Reached XP level 2. HP: 21/24 MP: 2/2
   743 | D:2      | Gained mutation: When seriously injured, your bleeding wounds create armour. (AC +6) [demonic ancestry]
   743 | D:2      | Reached XP level 3. HP: 18/29 MP: 3/3
  1338 | D:3      | Found a blossoming altar of Fedhas.
  1358 | D:3      | Reached XP level 4. HP: 31/35 MP: 4/4
  1664 | D:3      | Reached skill level 1 in Unarmed Combat
  2015 | D:4      | Noticed Sigmund
  2028 | D:4      | Slain by Sigmund

Skill      XL: |  1  2  3  4 |
---------------+-------------+-----
Armour         | 3 |  3.4
Axes           | 2 |  2.8
Shields        | 3 |  3.2
Unarmed Combat | 1 |  1.2
Fighting       | |  3.3
Dodging        | |  0.8

Action                   |  1- 3 |  4- 6 || total
-------------------------+-------+-------++-------
Melee: War axe           |   116 |    72 ||   188
       Kick              |    22 |    17 ||    39
  Eat: Chunk             |     1 |     3 ||     4
Armor: Scale mail        |    52 |    43 ||    95
Dodge: Dodged            |    40 |    16 ||    56
Block: Shield            |    63 |    40 ||   103
